 Dungeon Crawl Stone Soup version 0.31-a0-618-g7ca08c1ff9 (webtiles) character file.

Game seed: 16325739231404660744

1155 Midn8 the Shooter (level 8, -2/69 HPs)
             Began as a Naga Hexslinger on Aug 22, 2023.
             Was a Believer of Okawaru.
             Killed by nerve-wracking pain
             ... invoked by Menkaure
              (10 damage)
             ... on level 5 of the Dungeon.
             The game lasted 00:17:57 (4993 turns).

Midn8 the Shooter (Naga Hexslinger)                 Turns: 4993, Time: 00:17:58

Health: -2/69      AC: 11    Str: 12    XL:     8   Next: 39%
Magic:  9/11       EV: 10    Int: 13    God:    Okawaru [**....]
Gold:   295        SH:  0    Dex: 15    Spells: 4/9 levels left

rFire   . . .        b - +0 arbalest
rCold   . . .        (shield currently unavailable)
rNeg    . . .        c - +0 robe
rPois   +            n - +0 helmet
rElec   .            (no cloak)
rCorr   +            g - +0 pair of gloves
SInv    +            i - +0 barding
Will    +....        (no amulet)
Stlth   ++++         o - ring of wizardry
HPRegen 0.31/turn    p - ring of resist corrosion
MPRegen 0.12/turn

%: wizardry (x1)
@: heroic, very slow
A: AC +2, large, see invisible, deformed body, poison resistance, slowness 2,
spit poison 1, naga tail 1
a: Spit Poison, Renounce Religion, Heroism


You were on level 5 of the Dungeon.
You worshipped Okawaru.
Okawaru was pleased with you.
You visited 1 branch of the dungeon, and saw 6 of its levels.

You collected 295 gold pieces.

Inventory:

Hand Weapons
 a - a +1 sling
 b - a +0 arbalest (weapon)
 d - a +1 dagger of venom
Missiles
 k - 6 javelins
 l - 6 poisoned darts
Armour
 c - a +0 robe (worn)
 g - a +0 pair of gloves (worn)
 i - a +0 barding (worn)
 n - a +0 helmet (worn)
 y - a +1 ring mail of cold resistance
Jewellery
 o - a ring of wizardry (left hand)
 p - a ring of resist corrosion (right hand)
 r - a ring of fire
Talismans
 f - a flux talisman
Wands
 t - a wand of paralysis (19)
Scrolls
 s - 2 scrolls of amnesia {unknown}
 w - 2 scrolls of silence {unknown}
Potions
 e - 2 potions of curing
 h - 4 potions of brilliance
 j - a potion of attraction
 m - a potion of berserk rage {unknown}
 q - 2 potions of degeneration {unknown}
 u - 2 potions of ambrosia
 v - a potion of might {unknown}
 x - a potion of haste {unknown}


   Skills:
 - Level 3.0(8.0) Fighting
 + Level 7.3(12.3) Ranged Weapons
 - Level 1.5(6.5) Dodging
 - Level 4.0(9.0) Stealth
 - Level 1.0 Spellcasting
 - Level 3.3 Hexes
 - Level 4.0 Invocations


You had 4 spell levels left.
You knew the following spells:

 Your Spells              Type           Power      Damage    Failure   Level
a - Slow                  Hex            36%        N/A       2%          1
e - Cause Fear            Hex            4%         N/A       26%         4

Your spell library contained the following spells:

 Spells                   Type           Power      Damage    Failure   Level
 Ensorcelled Hibernation  Hex/Ice        10%        N/A       9%          2
 Apportation              Tloc           0%         N/A       12%         1
 Magic Dart               Conj           0%         1d3       12%         1
 Necrotise                Necr           0%         1d4       12%         1
 Sting                    Tmut/Pois      0%         1d3       12%         1
 Passwall                 Tmut/Erth      0%         N/A       16%         2
 Poisonous Vapours        Pois/Air       0%         N/A       16%         2
 Searing Ray              Conj           0%         2d4       16%         2
 Sublimation of Blood     Necr           0%         N/A       16%         2
 Wereblood                Tmut           0%         N/A       16%         2
 Inner Flame              Hex/Fire       5%         N/A       16%         3
 Portal Projectile        Hex/Tloc       10%        N/A       16%         3
 Swiftness                Air            0%         N/A       32%         3
 Fulminant Prism          Conj/Hex       2%         3d5       45%         4
 Olgreb's Toxic Radiance  Pois           0%         N/A       69%         4
 Passage of Golubria      Tloc           0%         N/A       69%         4
 Yara's Violent Unravell  Hex/Tmut       2%         3d3       80%         5
 Tukima's Dance           Hex            Unusable   N/A       N/A         3
 Summon Small Mammal      Summ           Unusable   N/A       N/A         1
 Summon Hydra             Summ           Unusable   N/A       N/A         7

Dungeon Overview and Level Annotations

Branches:
Dungeon (6/15)
 Temple: D:4-7

Altars:
Okawaru

Annotations:
D:3 Sigmund
D:4 exclusions: 2 killer bees and 3 more exclusions
D:5 Menkaure


Innate Abilities, Weirdness & Mutations

Your serpentine skin is tough. (AC +2)
You have supernaturally acute eyesight. (SInv)
Armour fits poorly on your strangely shaped body.
Your system is resistant to poisons. (rPois)
You cover ground very slowly.
You can spit poison.
You have a snake-like lower body.


Message History

You shoot a bolt.
The bolt hits Menkaure but does no damage.
Menkaure is moderately damaged.
Menkaure calls on the powers of darkness!
The iguana convulses!
Your body is wracked with pain!
You are too injured to fight recklessly!
Fire: b) +0 arbalest
Press: ? - help, Q - select action, (/) - cycle Shift-Dir - straight line, f/p - Menkaure
Aim: Menkaure (moderately damaged, 73% to hit)
You shoot a bolt.
The bolt hits the iguana but does no damage.
The iguana is heavily wounded.
The iguana barely misses you.
Unknown command.
Fire: b) +0 arbalest
Press: ? - help, Q - select action, (/) - cycle Shift-Dir - straight line, f/p - Menkaure
Aim: Menkaure (moderately damaged, 73% to hit)
You shoot a bolt. The bolt hits the iguana.
The iguana is heavily wounded.
The iguana bites you. x2
Unknown command.
Fire: b) +0 arbalest
Press: ? - help, Q - select action, (/) - cycle Shift-Dir - straight line, f/p - Menkaure
Aim: Menkaure (moderately damaged, 73% to hit)
You shoot a bolt. The bolt hits the iguana!
You kill the iguana!
Okawaru accepts your kill.
Unknown command.
Fire: b) +0 arbalest
Press: ? - help, Q - select action, (/) - cycle Shift-Dir - straight line, f/p - Menkaure
Aim: Menkaure (moderately damaged, 73% to hit)
You shoot a bolt. The bolt hits Menkaure.
Menkaure is moderately damaged.
Menkaure hits you!!
* * * LOW HITPOINT WARNING * * *
Unknown command.
You gain the combat prowess of a mighty hero.
Menkaure points at you and mumbles some strange words.
Pain shoots through your body!
You die...

### ### .. ##. #.
#########
.....#.####.......#
#....M@..#####.#
.......###.....##.#
#.##### ##.##.##.#
#.......# #.##.##.#
#.##.##.#
###.#..##.# ....
#.......#.# ##.###
#.#.......#


You could see Menkaure.

Vanquished Creatures
  Grinder (D:5)
  Duvessa (D:5)
  3 scorpions
  Dowan (D:5)
  A jelly (D:5)
  An orc priest (D:5)
  A gnoll bouda (D:5)
  Ijyb (D:3)
  2 sleepcaps
  Terence (D:3)
  3 iguanas (D:5)
  3 orc wizards (D:5)
  Robin (D:2)
  4 gnolls (D:5)
  9 adders
  2 ufetubi
  2 worms
  3 dart slugs
  9 orcs
  4 ball pythons
  9 bats
  10 endoplasms
  3 giant cockroaches
  14 goblins
  11 hobgoblins
  7 jackals (D:2)
  4 quokkas
  2 frilled lizards (D:2)
  7 kobolds
  28 rats
148 creatures vanquished.

Vanquished Creatures (others)
  An orc wizard (D:5)
1 creature vanquished.

Grand Total: 149 creatures vanquished

Notes
Turn   | Place    | Note
-------+----------+-------------------------------------------
     0 | D:1      | Midn8 the Naga Hexslinger began the quest for the Orb.
     0 | D:1      | Reached XP level 1. HP: 18/18 MP: 2/2
   110 | D:1      | Reached skill level 1 in Stealth
   165 | D:1      | Reached XP level 2. HP: 25/25 MP: 3/3
   382 | D:1      | Found a faded altar of an unknown god.
   494 | D:1      | Reached XP level 3. HP: 31/31 MP: 4/4
   496 | D:1      | Reached skill level 2 in Ranged Weapons
   973 | D:2      | Reached skill level 3 in Ranged Weapons
   973 | D:2      | Reached XP level 4. HP: 38/38 MP: 5/5
  1050 | D:2      | Found an iron altar of Okawaru.
  1058 | D:2      | Became a worshipper of Warmaster Okawaru
  1523 | D:2      | Noticed Robin
  1726 | D:2      | Reached XP level 5. HP: 41/44 MP: 6/6
  1781 | D:2      | Killed Robin
  1789 | D:2      | Reached skill level 4 in Ranged Weapons
  2142 | D:3      | You fall into a shaft and drop 3 floors!
  2151 | D:5      | Entered Level 5 of the Dungeon
  2179 | D:5      | HP: 1/44 [gnoll/+0 spear[a gnoll bouda] (4)]
  2222 | D:5      | Reached skill level 5 in Ranged Weapons
  2222 | D:5      | Reached XP level 6. HP: 26/51 MP: 7/7
  2466 | D:4      | Reached * piety under Okawaru
  2721 | D:3      | Noticed Terence
  2737 | D:3      | Killed Terence
  2738 | D:3      | Reached skill level 6 in Ranged Weapons
  2744 | D:3      | Learned a level 4 spell: Cause Fear
  2810 | D:3      | Noticed Sigmund
  2873 | D:3      | Reached XP level 7. HP: 57/57 MP: 8/8
  3054 | D:3      | Noticed Ijyb
  3065 | D:3      | Paralysed by Ijyb for 2 turns
  3068 | D:3      | Killed Ijyb
  3069 | D:3      | Reached skill level 1 in Invocations
  4584 | D:5      | Noticed Duvessa
  4584 | D:5      | Noticed Dowan
  4597 | D:5      | Killed Duvessa
  4603 | D:5      | Killed Dowan
  4604 | D:5      | Reached XP level 8. HP: 51/69 MP: 11/11
  4896 | D:5      | Noticed Grinder
  4900 | D:5      | Killed Grinder
  4900 | D:5      | Reached ** piety under Okawaru
  4901 | D:5      | Reached skill level 7 in Ranged Weapons
  4982 | D:5      | Noticed Menkaure
  4993 | D:5      | Killed from afar by Menkaure

Illustrated notes

Levels and vault maps discovered:
D:1:      dpeg_arrival_round_b, layout_loops_ring, basic_ecumenical_altar,
          minmay_door_square
D:2:      minmay_diamond_boxcup, layout_loops_ring, basic_altar,
          kennysheep_generic_room_8, uniq_robin
D:3:      layout_rooms, cheibrodos_sewer_entry_drain, uniq_sigmund,
          uniq_terence, uniq_ijyb
D:4:      layout_basic, minmay_rat_hole
D:5:      layout_loops_cross, uniq_duvessa, uniq_menkaure, uniq_grinder
D:6:      lemuel_insect_pit, layout_rooms, minmay_temple_entry_nine_rooms,
          serial_shops, shop, serial_curves, eino_curves_01, eino_curves_03,
          grunt_decor_cap

Skill      XL: |  1  2  3  4  5  6  7  8 |
---------------+-------------------------+-----
Stealth        | 2 4 |  4.0
Ranged Weapons | 3 5 6 7 |  7.3
Invocations    | 4 |  4.0
Fighting       | 3 |  3.0
Dodging        | |  1.5
Spellcasting   | |  1.0
Hexes          | |  3.3

Action                     |  1- 3 |  4- 6 |  7- 9 || total
---------------------------+-------+-------+-------++-------
   Fire: Sling             |    75 |   256 |    63 ||   394
         Arbalest          |       |     1 |    67 ||    68
   Cast: Slow              |     3 |     9 |       ||    12
 Invoke: Heroism           |       |       |     2 ||     2
Ability: Spit Poison       |    25 |    28 |    16 ||    69
    Use: Scroll            |       |     8 |     1 ||     9
         Potion            |       |     5 |       ||     5
 Armour: Robe              |    18 |    89 |    46 ||   153
  Dodge: Dodged            |    29 |    82 |    36 ||   147

Table legend: (Time is in decaauts)
 A = Elapsed time spent in this place.
 B = Non-inter-level travel time spent in this place.
 C = Inter-level travel time spent in this place.
 D = Time resting spent in this place.
 E = Time spent auto-exploring this place.
 F = Levels seen in this place.
 G = Mean time per level.
                   A        B        C        D        E       F      G
               +--------+--------+--------+--------+--------+-----+--------+
         Total |   6538 |   6221 |    317 |    635 |   4153 |   6 | 1089.7 |
       Dungeon |   6538 |   6221 |    317 |    635 |   4153 |   6 | 1089.7 |
               +--------+--------+--------+--------+--------+-----+--------+

Top non-repeatable levels by time:
     D:4: 1732 daAuts
     D:2: 1537 daAuts
     D:1: 1182 daAuts
     D:3: 1067 daAuts
     D:5: 1006 daAuts
     D:6: 11 daAuts
